 Dungeon Crawl Stone Soup version 0.26-a0-146-g24f6d3962c (webtiles) character file.

Game seed: 12387966029556117533

135 MrRokkomies the Caller (level 5, -1/30 HPs)
             Began as a Kobold Summoner on June 29, 2020.
             Killed by divine providence
             ... invoked by an orc priest
              (9 damage)
             ... on level 3 of the Dungeon.
             The game lasted 00:06:34 (2218 turns).

MrRokkomies the Caller (Kobold Summoner)            Turns: 2218, Time: 00:06:35

Health: -1/30      AC:  3    Str:  6    XL:     5   Next: 41%
Magic:  8/8        EV: 17    Int: 17    God:
Gold:   134        SH:  0    Dex: 15    Spells: 2/8 levels left

rFire    . . .     SeeInvis .   a - +1 short sword (venom)
rCold    . . .     Faith    .   (shield restricted)
rNeg     . . .     Spirit   .   j - +0 robe
rPois    .         Reflect  .   (no helmet)
rElec    .         Harm     .   l - +0 cloak
rCorr    .                      (no gloves)
MR       .....                  (no boots)
Stlth    ++........             f - amulet of regeneration
HPRegen  0.50/turn              g - ring of flight
MPRegen  0.11/turn              (no ring)

@: no status effects
A: small, carnivore
a: Evoke Flight


You were on level 3 of the Dungeon.
You were completely stuffed.

You visited 1 branch of the dungeon, and saw 3 of its levels.

You collected 134 gold pieces.

Inventory:

Hand Weapons
 a - a +1 short sword of venom (weapon)
Armour
 j - a +0 robe (worn)
 l - a +0 cloak (worn)
Jewellery
 f - an amulet of regeneration (around neck)
 g - a ring of flight (left hand)
 o - an uncursed amulet of guardian spirit {unknown}
Wands
 h - a wand of flame (16)
Scrolls
 b - a scroll of identify
 d - 2 scrolls of remove curse
 p - a scroll of enchant weapon
Potions
 e - a potion of might {unknown}
 k - a potion of flight {unknown}
 m - a potion of cancellation {unknown}
Comestibles
 c - 5 rations
 n - 8 chunks of flesh


   Skills:
 + Level 1.9 Fighting
 * Level 4.3 Dodging
 - Level 2.6 Stealth
 - Level 2.1 Spellcasting
 * Level 5.1 Summonings


You had 2 spell levels left.
You knew the following spells:

 Your Spells              Type           Power        Failure   Level  Hunger
a - Summon Small Mammal   Summ           ###.         2%          1    #......
b - Call Imp              Summ           ###.....     3%          2    ###....
c - Call Canine Familiar  Summ           ###.....     7%          3    ###....

Your spell library contained the following spells:

 Spells                   Type           Power        Failure   Level  Hunger
 Summon Guardian Golem    Hex/Summ       ##......     21%         3    ###....
 Summon Ice Beast         Ice/Summ       ##......     54%         4    #####..
 Summon Lightning Spire   Summ/Air       ##......     54%         4    #####..


Dungeon Overview and Level Annotations

Branches:
Dungeon (3/15)

Altars:
Elyvilon
Kikubaaqudgha


Innate Abilities, Weirdness & Mutations

You are small and have problems with some larger weapons.
You are carnivorous and can eat meat at any time.


Message History

The orc priest misses you.
The orc priest looks satisfied for a moment.
You closely miss the orc priest.
The orc priest is heavily wounded.
The orc priest barely misses you.
Some of the chunks of flesh in your inventory have rotted away.
You hit the orc priest.
The orc priest looks even sicker.
The orc priest is severely wounded.
You kill the orc priest!
Your Summonings skill increases to level 5!
The orc priest calls down the wrath of Beogh upon you.
Pain shoots through your body! The orc priest hits you with a +0 club!
* * * LOW HITPOINT WARNING * * *
Items here: ))) [[[ ÷ †† You closely miss the orc priest.
The orc priest misses you.
You closely miss the orc priest.
The orc priest mumbles some strange prayers to Beogh against you.
Beogh smites you!
You die...

#.#.......#.....#######
#.#########.....# .. #.
........### .# ##
.........####.#
..............####..
.#######............
#.###)###### #.##.## ##
#.#@###.)# #.#o#...#
#.##o# #.#.#).g...# ##
##.8..# g... ..# .# #


You could see an orc priest and an orc.

Vanquished Creatures
  Crazy Yiuf (D:2)
  An orc priest (D:3)
  An orc wizard (D:3)
  An adder (D:2)
  A worm (D:3)
  A dart slug (D:3)
  3 leopard geckos (D:2)
  3 orcs (D:3)
  A ball python (D:2)
  4 giant cockroaches
  A goblin (D:3)
  6 hobgoblins
  4 kobolds
  4 bats
  3 frilled lizards
  A rat (D:3)
36 creatures vanquished.

Vanquished Creatures (collateral kills)
  A kobold (D:1)
  A frilled lizard (D:1)
  A rat (D:1)
3 creatures vanquished.

Grand Total: 39 creatures vanquished

Notes
Turn   | Place    | Note
-------+----------+-------------------------------------------
     0 | D:1      | MrRokkomies the Kobold Summoner began the quest for the
                  | Orb.
     0 | D:1      | Reached XP level 1. HP: 10/10 MP: 3/3
   744 | D:1      | Reached XP level 2. HP: 15/15 MP: 5/5
   756 | D:1      | Learned a level 2 spell: Call Imp
  1088 | D:2      | Found a white marble altar of Elyvilon.
  1170 | D:2      | Reached XP level 3. HP: 17/20 MP: 1/6
  1361 | D:2      | Reached skill level 1 in Fighting
  1746 | D:2      | Found a runed translucent door.
  1747 | D:2      | Noticed Crazy Yiuf
  1796 | D:2      | Learned a level 3 spell: Call Canine Familiar
  1822 | D:2      | Killed Crazy Yiuf
  1822 | D:2      | Reached XP level 4. HP: 16/25 MP: 1/7
  2047 | D:3      | Found an ancient bone altar of Kikubaaqudgha.
  2147 | D:3      | Reached XP level 5. HP: 6/30 MP: 8/8
  2215 | D:3      | Reached skill level 5 in Summonings
  2218 | D:3      | Killed from afar by an orc priest

Illustrated notes

Levels and vault maps discovered:
D:1:      lemuel_arrival_hallway, layout_basic, minmay_hedge_maze,
          minmay_misc_feat_cross
D:2:      layout_basic, lemuel_doored_altar, uniq_crazy_yiuf_cottage
D:3:      layout_basic, kiku_gazebo_garden_becter, first_ration,
          chequers_serial_rivers_micro_b, guppyfry_early_orc_mine

Skill      XL: |  1  2  3  4  5 |
---------------+----------------+-----
Dodging        | 3 4 |  4.3
Fighting       | 1 |  1.9
Summonings     | 5 |  5.1
Stealth        | |  2.6
Spellcasting   | |  2.1

Action                   |  1- 3 |  4- 6 || total
-------------------------+-------+-------++-------
Melee: Unarmed           |    18 |       ||    18
       Short sword       |    64 |    51 ||   115
 Cast: Summon Small Mamm |     7 |       ||     7
       Call Imp          |     3 |       ||     3
       Call Canine Famil |     1 |       ||     1
  Use: Scroll            |     4 |       ||     4
       Potion            |     2 |     1 ||     3
 Stab: Sleeping          |     6 |     4 ||    10
       Distracted        |     1 |       ||     1
  Eat: Chunk             |    11 |     2 ||    13
Armor: Robe              |    19 |     4 ||    23
Dodge: Dodged            |    80 |    27 ||   107

Table legend:
 A = Non-vault XP
 B = Vault XP
 C = Vault XP percentage of total XP
 D = Non-vault monster count
 E = Vault monster count
 F = Vault count percentage of total count
                 A         B        C        D         E       F
            +---------+---------+-------+---------+---------+-------
      Total |     149 |      44 |  22.8 |      34 |       5 |  12.8
            +---------+---------+-------+---------+---------+-------
        D:1 |      13 |       0 |   0.0 |       9 |       0 |   0.0
        D:2 |      34 |      34 |  50.0 |      14 |       1 |   6.7
        D:3 |     102 |      10 |   8.9 |      11 |       4 |  26.7
            +---------+---------+-------+---------+---------+-------
